Cogmind - Beta 11 X8 @@@ ROGUE MODE // 2021.10.25 @ 08:57:23 Player: arctifire Result: Destroyed by D-53 Grenadier with Mini Grenade Launcher Performance ------------- Evolutions (0) 0 Regions Visited (4) 800 Robots Destroyed (24) 120 Value Destroyed (481) 481 Prototype IDs (2) 40 Alien Tech Used (0) 0 Bonus (70) 70 TOTAL SCORE: 1511 Bonus ------- Follower Combat Kills 70 Cogmind --------- Core Integrity 0/250 Matter 282/300 Energy 124/125 System Corruption 0% Temperature Cool (0) Movement Core (450) Ox8 Location -9/Mines Parts ------- > --- POWER (1) -------- Light Ion Engine > --- PROPULSION (2) --- (None) > --- UTILITY (2) ------ Improved Heat Sink Large Storage Unit > --- WEAPON (2) ------- Assault Rifle > --- INVENTORY (15) --- Light Ion Engine Light Angular Momentum Engine Wheel Wheel Improved Heat Sink Signal Interpreter Hacking Suite Beamcaster Assault Rifle Assault Rifle Grenade Launcher Rocket Launcher Peak State ------------ > --- POWER ------------ Light Ion Engine > --- PROPULSION ------- Wheel Compact Wheel > --- UTILITY ---------- Improved Heat Sink Large Storage Unit > --- WEAPON ----------- Small Laser Assault Rifle > --- INVENTORY -------- Light Ion Engine Light Angular Momentum Engine Wheel Improved Heat Sink Signal Interpreter Hacking Suite Beamcaster Assault Rifle Assault Rifle Assault Rifle Grenade Launcher [Rating: 11] Favorites ----------- Power Light Ion Engine Engine Light Ion Engine Propulsion Compact Wheel Leg Aluminum Leg Wheel Compact Wheel Utility Improved Heat Sink Device Improved Heat Sink Storage Large Storage Unit Weapon Small Laser Energy Gun Small Laser Ballistic Gun Assault Rifle Build | -11 -10 -10 -10 -9 ------- Run | Scr Mat Min Exi Min Slots Evolved . | . . . . . Power . | . . . . . Propulsion . | . . . . . Utility . | . . . . . Weapon . | . . . . . Parts Attached 15 | . 9 3 . 3 Power 2 | . 1 1 . . Engine 2 | . 1 1 . . Core . | . . . . . Reactor . | . . . . . Propulsion 7 | . 4 1 . 2 Treads . | . . . . . Leg . | . . . . . Wheel 7 | . 4 1 . 2 Hover . | . . . . . Flight . | . . . . . Utility 3 | . 2 1 . . Device 2 | . 1 1 . . Storage 1 | . 1 . . . Processor . | . . . . . Hackware . | . . . . . Protection . | . . . . . Artifact . | . . . . . Weapon 3 | . 2 . . 1 Energy Gun 1 | . 1 . . . Energy Cannon . | . . . . . Ballistic Gun 2 | . 1 . . 1 Ballistic Cannon . | . . . . . Launcher . | . . . . . Special Weapon . | . . . . . Impact Weapon . | . . . . . Slashing Weapon . | . . . . . Piercing Weapon . | . . . . . Special Melee Weapon . | . . . . . Unidentified Prototypes . | . . . . . Parts Lost 9 | . 2 2 . 5 Power 1 | . . 1 . . Propulsion 6 | . 2 1 . 3 Utility . | . . . . . Weapon 2 | . . . . 2 Highest Loss Streak 5 | . 1 2 . 5 Average Slot Usage (%) 95 | . 93 93 100 96 Engine 13 | . 14 13 14 14 Wheel 24 | . 25 22 28 25 Device 12 | . 10 14 14 14 Storage 14 | . 14 14 14 14 Energy Gun 18 | . 26 14 14 14 Ballistic Gun 9 | . 1 14 14 12 Naked Turns . | . . . . . Heaviest Build 27 | 13 27 27 27 27 Greatest Support 32 | 20 32 32 26 32 Greatest Overweight (x) 1 | . . 1 1 1 Average Overweight (x) . | . . . 1 . Largest Inventory Capacity 15 | 8 15 15 15 15 Average Capacity 12 | 8 8 15 15 15 Most Carried 14 | 6 8 11 11 14 Average Carried 8 | 6 6 9 11 11 Final Capacity 15 | 8 15 15 15 15 Final Carried 12 | 6 8 11 11 12 Class Distribution -------------------- 100% | Mutant Dominant Class ---------------- Mutant | -10/Materials Mutant | -10/Mines Mutant | -10/Exiles Mutant | -9/Mines Resources | -11 -10 -10 -10 -9 ----------- Run | Scr Mat Min Exi Min Matter Collected 387 | 200 85 83 . 19 Remotely . | . . . . . Salvage Created 740 | . 321 286 . 133 Parts 42 | . 19 21 . 2 Haulers Intercepted 1 | . 1 . . . Recyclers Shooed 1 | . 1 . . . Parts Field Recycled . | . . . . . Retrieved Matter . | . . . . . Parts Self-Destructed . | . . . . . Prevented . | . . . . . Kills | -11 -10 -10 -10 -9 ------- Run | Scr Mat Min Exi Min Combat Hostiles Destroyed 21 | . 8 9 . 4 Guns 21 | . 8 9 . 4 Classes Destroyed 9 | . 6 1 . 2 Worker 2 | . 1 1 . . Hauler 1 | . 1 . . . Operator 1 | . 1 . . . Watcher 1 | . 1 . . . Swarmer 10 | . 5 5 . . Grunt 7 | . 3 3 . 1 Brawler 1 | . . . . 1 Sentry 1 | . . 1 . . Assembled 2 | . . . . 2 Best Kill Streak 6 | . 3 6 . 2 Combat Bots Only 5 | . 3 5 . 2 Max Kills in Single Turn 2 | . 2 1 . 1 Gunslinging 1 | . 1 . . . Exploded . | . . . . . Melee . | . . . . . Uniques/NPCs Destroyed . | . . . . . Combat | -11 -10 -10 -10 -9 -------- Run | Scr Mat Min Exi Min Damage Taken 897 | . 292 216 . 389 Core 253 | . 54 54 . 145 Absorbed by Shields . | . . . . . Core Remaining (%) 100 | 100 . . . . Volleys Fired 69 | . 37 21 . 11 Largest 2 | . 2 2 . 2 Hottest 90 | . 90 60 . 60 Shots Fired 122 | . 64 41 . 17 Gun 122 | . 64 41 . 17 Cannon . | . . . . . Launcher . | . . . . . Special . | . . . . . Kinetic 30 | . . 21 . 9 Thermal 92 | . 64 20 . 8 Explosive . | . . . . . Electromagnetic . | . . . . . Robot Hit Streak 12 | . 6 6 . 12 Robot Miss Streak 3 | . 3 2 . 1 Penetration Max . | . . . . . Secondary Targets 3 | . 1 . . 2 Max Gunslinging Chain 1 | . 1 . . 1 Shots Hit Robots 83 | . 43 25 . 15 Core Hits 43 | . 18 16 . 9 Critical Kills . | . . . . . Critical Parts Destroyed . | . . . . . Critical Strikes 1 | . 1 . . . Burn 1 | . 1 . . . Melee Attacks . | . . . . . Impact . | . . . . . Slashing . | . . . . . Piercing . | . . . . . Sneak Attacks . | . . . . . Combat Hostiles . | . . . . . Follow-up Attacks . | . . . . . Damage Inflicted 1050 | . 550 317 . 183 Guns 1036 | . 550 303 . 183 Cannons . | . . . . . Explosions . | . . . . . Melee . | . . . . . Ramming 14 | . . 14 . . Kinetic 247 | . . 145 . 102 Thermal 789 | . 550 158 . 81 Explosive . | . . . . . Electromagnetic . | . . . . . Impact . | . . . . . Slashing . | . . . . . Piercing . | . . . . . Highest Corruption . | . . . . . Average Corruption . | . . . . . Corruption Purged . | . . . . . Overload Shots . | . . . . . Overflow Damage . | . . . . . Projectiles . | . . . . . Explosions . | . . . . . Melee . | . . . . . Knockbacks . | . . . . . Impact . | . . . . . Kinetic . | . . . . . Secondary . | . . . . . Self-Inflicted Damage 7 | . . 7 . . Shots . | . . . . . Rammed 1 | . . 1 . . Targets Rammed 1 | . . 1 . . Kicked . | . . . . . Crushed . | . . . . . Highest Temperature 261 | . 261 . . 6 Average Temperature 114 | . 121 . . 6 Received Heat Transfer 241 | . 114 81 . 46 Effects 1 | . 1 . . . Interference 1 | . 1 . . . Siege Activations . | . . . . . Robots Corrupted . | . . . . . Combat Hostiles . | . . . . . Parts Fried . | . . . . . Impact Corruptions . | . . . . . Robots Melted . | . . . . . Combat Hostiles . | . . . . . Parts Melted 6 | . 4 2 . . Heat Transferred 1978 | . 1453 350 . 175 Parts Sabotaged . | . . . . . Parts Stolen . | . . . . . Parts Stripped . | . . . . . Power Chain Reactions . | . . . . . Missiles Intercepted . | . . . . . Alert | -11 -10 -10 -10 -9 ------- Run | Scr Mat Min Exi Min Peak Influence 284 | . 174 284 . 50 Initial 10 | . . 10 . . Average 78 | . 61 104 . 38 Maximum Alert Level 1 | . . 1 . . Low Security (%) 92 | 100 100 83 . 100 Level 1 7 | . . 16 . . Level 2 . | . . . . . Level 3 . | . . . . . Level 4 . | . . . . . Level 5 . | . . . . . High Security . | . . . . . Max Security . | . . . . . Squads Dispatched 1 | . 1 . . . Investigation . | . . . . . Extermination . | . . . . . Reinforcement 1 | . 1 . . . Assault . | . . . . . Garrison . | . . . . . Intercept . | . . . . . Construction Impeded . | . . . . . Haulers Reinforced . | . . . . . Active Scanning Responses . | . . . . . Cargo Convoy Interrupts . | . . . . . Stealth | -11 -10 -10 -10 -9 --------- Run | Scr Mat Min Exi Min Distress Signals 2 | . 2 . . . Communications Jammed . | . . . . . Distress Signals . | . . . . . Times Spotted 40 | . 16 15 . 9 Peak Tracking Total 7 | . 4 4 . 7 Tactical Retreats 3 | . 2 . . 1 Traps | -11 -10 -10 -10 -9 ------- Run | Scr Mat Min Exi Min Traps Triggered . | . . . . . Indirectly . | . . . . . Trap Hack Attempts . | . . . . . Triggered . | . . . . . Disarmed . | . . . . . Reprogrammed . | . . . . . Reused . | . . . . . Traps Extracted . | . . . . . Installed . | . . . . . Triggered . | . . . . . Machines | -11 -10 -10 -10 -9 ---------- Run | Scr Mat Min Exi Min Machines Disabled . | . . . . . Max in Single Turn . | . . . . . Machines Sabotaged . | . . . . . Garrisons Compromised . | . . . . . Overloaded Fab Kills . | . . . . . Hacking | -11 -10 -10 -10 -9 --------- Run | Scr Mat Min Exi Min Machines Accessed 8 | . 4 . 4 . Terminals 4 | . 4 . . . Fabricators . | . . . . . Repair Stations . | . . . . . Recycling Units . | . . . . . Scanalyzers . | . . . . . Garrison Access . | . . . . . Total Hacks 16 | . 12 . 4 . Successful 10 | . 6 . 4 . Failed 5 | . 5 . . . Catastrophic 1 | . 1 . . . Database Lockouts 1 | . 1 . . . Manual 8 | . 8 . . . Terminals 12 | . 12 . . . Fabricators . | . . . . . Repair Stations . | . . . . . Recycling Units . | . . . . . Scanalyzers . | . . . . . Garrison Access . | . . . . . Terminal Hacks 8 | . 4 . 4 . Record 5 | . 1 . 4 . Robot Analysis 2 | . 2 . . . Prototype ID Bank 1 | . 1 . . . Fabricator Hacks . | . . . . . Repair Station Hacks . | . . . . . Recycling Unit Hacks . | . . . . . Scanalyzer . | . . . . . Garrison Access Hacks . | . . . . . Unauthorized Hacks 2 | . 2 . . . Terminals 2 | . 2 . . . Botnet 2 | . 2 . . . Fabricators . | . . . . . Repair Stations . | . . . . . Recycling Units . | . . . . . Scanalyzers . | . . . . . Garrison Access . | . . . . . Data Cores Recovered . | . . . . . Used . | . . . . . Hacking Detections 3 | . 3 . . . Full Trace Events . | . . . . . Feedback Events . | . . . . . Feedback Blocked . | . . . . . Robot Schematics Acquired . | . . . . . Robots Built . | . . . . . Authchips . | . . . . . Time . | . . . . . Total Robot Build Rating . | . . . . . Part Schematics Acquired . | . . . . . Parts Built . | . . . . . Authchips . | . . . . . Time . | . . . . . Total Part Build Rating . | . . . . . Parts Repaired . | . . . . . Time . | . . . . . Parts Recycled . | . . . . . Recycled Matter . | . . . . . Retrieved Matter . | . . . . . Retrieved Components . | . . . . . Parts Scanalyzed . | . . . . . Part Schematics Acquired . | . . . . . Parts Damaged . | . . . . . Bothacking | -11 -10 -10 -10 -9 ------------ Run | Scr Mat Min Exi Min Used RIF Installer . | . . . . . Robots Hacked . | . . . . . Non-combat . | . . . . . Combat . | . . . . . Robot Hacks Applied . | . . . . . Relay Couplers Released . | . . . . . Robots Rewired . | . . . . . Allies Hacked . | . . . . . Hacks Repelled . | . . . . . Allies | -11 -10 -10 -10 -9 -------- Run | Scr Mat Min Exi Min Total Allies 3 | . . 3 . . Largest Group 3 | . . 3 2 . Highest-Rated Group 73 | . . 73 42 . Highest-Rated Ally 31 | . . 31 31 . Total Orders . | . . . . . Ally Attacks 19 | . . 19 . . Total Damage 297 | . . 297 . . Kills 6 | . . 6 . . Allies Corrupted . | . . . . . Allies Melted . | . . . . . Intel | -11 -10 -10 -10 -9 ------- Run | Scr Mat Min Exi Min Robot Analysis Total 2 | . 2 . . . Derelict Logs Recovered 1 | . . . . 1 Drone Launches . | . . . . . Drone Recoveries . | . . . . . Exploration | -11 -10 -10 -10 -9 ------------- Run | Scr Mat Min Exi Min Turns Passed 2548 | 38 946 914 537 113 Spaces Moved 2070 | 32 746 702 512 78 Core . | . . . . . Treads . | . . . . . Legs 40 | 32 8 . . . Wheels 2030 | . 738 702 512 78 Hover . | . . . . . Flight . | . . . . . Fastest Speed 100 | 120 100 100 105 100 Average Speed 104 | 120 100 106 105 103 Slowest Speed 120 | 120 120 115 105 105 Overloaded Moves . | . . . . . Propulsion Burnouts . | . . . . . Robots Hopped . | . . . . . Cave-ins Triggered . | . . . . . Exploration Rate (%) 58 | 3 96 83 90 19 Regions Visited 4 Branch Regions 3 Pre-discovered Areas 1 | . . 1 . . Known Exits Taken . | . . . . . Unknown Exits Taken 4 | 1 1 1 1 . Scrap Searched 2 | . . 1 . 1 Spaces Dug . | . . . . . Terrain Destroyed . | . . . . . Melee . | . . . . . Projectile . | . . . . . AOE . | . . . . . Terrain Rammed . | . . . . . Walls Destroyed . | . . . . . Machines Disabled . | . . . . . Actions | -11 -10 -10 -10 -9 --------- Run | Scr Mat Min Exi Min Total 2343 | 31 882 825 511 94 Wait 169 | . 75 94 . . Move 2066 | 31 745 701 511 78 Hop . | . . . . . Pick Up 14 | . 8 4 . 2 Fast Attach 2 | . 2 . . . Attach 7 | . 3 2 . 2 Detach . | . . . . . Swap 6 | . 4 1 . 1 Drop 8 | . 8 . . . Fire 69 | . 37 21 . 11 Melee . | . . . . . Ram 1 | . . 1 . . Kick . | . . . . . Crush . | . . . . . Escape Stasis . | . . . . . Rewire 1 | . . 1 . . Trap . | . . . . . Miscellaneous . | . . . . . Route ------- -11/Scrapyard -10/Materials (discovered 4 exits: [*Mat x3] / [*Min]) -10/Mines (discovered 3 exits: [*Mat x2] / *Exi) -10/Exiles -9/Mines (discovered 1 exit: Mat) History --------- Turn | Location | Event 1 | -11/Scrapyard | Discovered new exit (range 1) 39 | -11/Scrapyard | Entered Materials 229 | -10/Materials | Discovered new exit (range 10) 327 | -10/Materials | Build established: Mutant 546 | -10/Materials | Discovered new exit (range 16) 676 | -10/Materials | Discovered new exit (range 15) 698 | -10/Materials | Central database locked down 760 | -10/Materials | Discovered new exit (range 13) 985 | -10/Materials | Entered Mines 1002 | -10/Mines | Met a Derelict bent on vengeance 1153 | -10/Mines | Escorted by a lone wolf Derelict 1173 | -10/Mines | Learned location of Storage (-7) 1252 | -10/Mines | Discovered new exit (range 3) 1611 | -10/Mines | Discovered new exit (range 12) 1837 | -10/Mines | Joined a pair of Derelicts in attacking an 0b10 outpost 1888 | -10/Mines | Deemed a non-threat by the Exiles lab entrance 1889 | -10/Mines | Discovered new exit (range 5) 1899 | -10/Mines | Entered Exiles 1899 | -10/Exiles | Found Exiles lab abandoned 1899 | -10/Exiles | Accompanied by 2 allies 1929 | -10/Exiles | Led the pair of lost Derelicts to a safe place 2416 | -10/Exiles | Discovered new exit (range 14) 2436 | -10/Exiles | Entered Mines 2481 | -9/Mines | Assembled infested the area 2499 | -9/Mines | Received a Rocket Launcher from a helpful Derelict 2516 | -9/Mines | Identified exit to Materials 2534 | -9/Mines | Core integrity fell below 50% 2544 | -9/Mines | Core integrity fell below 20% 2549 | -9/Mines | Destroyed by D-53 Grenadier with Mini Grenade Launcher Last Messages --------------- were you, so I'm going to lend you mine." 02499_ PC-IY5(g) slips back into the shadows. 02499_ Searching scrap... 02499_ Found Com. Wheel. 02499_ Found 20 Matter. 02499_ Found Com. Wheel. 02499_ Found VTOL Module. 02499_ Found 20 Matter. 02505_ Acquired 10 matter. 02507_ Acquired Rocket Launcher. 02509_ Acquired Com. Wheel. 02516_ Acquired derelict log, extracted data. 02528_ Com. Wheel destroyed. 02534_ as-89837 destroyed. 02534_ Switching to secondary target: as-33377. 02535_ Com. Wheel destroyed. 02538_ Assault Rifle destroyed. 02540_ as-34885 destroyed. 02544_ Sml. Laser destroyed. 02549_ as-33377 destroyed. Map ----- +----------------------------------------------------+ | ?????????????????